 Dungeon Crawl Stone Soup version 0.30-b1-2-g02819fbbbe (webtiles) character file.

Game seed: 5949048269631404345

15090 Metae the Protected (level 11, -10/101 HPs)
             Began as a Minotaur Fighter on June 26, 2023.
             Was a Priest of Uskayaw.
             Mangled by an ice devil (21 damage)
             ... on level 2 of the Lair of Beasts.
             The game lasted 00:25:56 (9836 turns).

Metae the Protected (Minotaur Fighter)              Turns: 9836, Time: 00:25:56

Health: -10/101    AC: 22    Str: 29    XL:     11   Next: 97%
Magic:  15/15      EV: 11    Int:  8    God:    Uskayaw [***...]
Gold:   270        SH:  6    Dex:  9    Spells: 10/10 levels left

rFire   . . .        I - +4 falchion of Spite {elec, Int+3}
rCold   . . .        c - +0 buckler
rNeg    + . .        C - +8 chain mail of Reowex {rN+ Str+3 Slay+5}
rPois   .            F - +1 hat
rElec   .            l - +0 cloak
rCorr   .            (no gloves)
SInv    .            (no boots)
Will    .....        m - amulet of faith Stlth
                     (no ring)
HPRegen 0.36/turn    (no ring)
MPRegen 0.14/turn

%: faith
@: no status effects
A: horns 2, retaliatory headbutt
a: Renounce Religion, Stomp, Line Pass


You were on level 2 of the Lair of Beasts.
You worshipped Uskayaw.
Uskayaw was noncommittal.
You visited 3 branches of the dungeon, and saw 11 of its levels.

You collected 369 gold pieces.
You spent 99 gold pieces at shops.

Inventory:

Hand Weapons
 b - a +0 sling
 s - a +0 dagger of electrocution
 I - the +4 falchion of Spite (weapon) {elec, Int+3}
   (You found it on level 1 of the Lair of Beasts)

   Int:       It affects your intelligence (+3).
Missiles
 g - 70 stones (quivered)
 o - 13 poisoned darts
Armour
 c - a +0 buckler (worn)
 l - a +0 cloak (worn)
 B - +0 swamp dragon scales
 C - the +8 chain mail of Reowex (worn) {rN+ Str+3 Slay+5}
   (You found it on level 7 of the Dungeon)

   Str:       It affects your strength (+3).
   Slay:      It affects your accuracy & damage with ranged weapons and melee
   (+5).
   rN:        It protects you from negative energy.
 F - a +1 hat (worn)
Jewellery
 i - an amulet of magic regeneration
 m - an amulet of faith (around neck)
 J - a ring of protection from fire
Wands
 q - a wand of mindburst (13)
 t - a wand of iceblast (6)
 u - a wand of polymorph (7)
 v - a wand of paralysis (9)
 D - a wand of flame (3)
Scrolls
 e - a scroll of identify
 f - 2 scrolls of fear
 h - 3 scrolls of noise
 p - 2 scrolls of amnesia
 r - 2 scrolls of teleportation
 w - a scroll of brand weapon
 y - 2 scrolls of immolation
 E - a scroll of enchant weapon
Potions
 a - 2 potions of haste
 d - a potion of might
 j - 5 potions of brilliance
 k - 5 potions of mutation
 n - a potion of lignification {unknown}
 x - a potion of resistance
 z - 3 potions of curing
 A - 9 potions of ambrosia
 G - a potion of flight
 H - a potion of degeneration


   Skills:
 + Level 10.4 Fighting
 - Level 8.5(8.8) Short Blades
 + Level 3.4(6.8) Long Blades
 + Level 10.4 Armour
 + Level 9.0 Dodging
 + Level 10.3 Shields
 + Level 7.6 Invocations


You had 10 spell levels left.
You didn't know any spells.
Your spell library contained the following spells:

 Spells                   Type           Power      Damage    Failure   Level
 Ozocubu's Armour         Ice            0%         N/A       99%         3
 Portal Projectile        Hex/Tloc       0%         N/A       99%         3
 Tukima's Dance           Hex            0%         N/A       99%         3
 Manifold Assault         Tloc           0%         N/A       100%        4
 Blade Hands              Tmut           0%         N/A       100%        5
 Dispersal                Tloc           0%         N/A       100%        6
 Ozocubu's Refrigeration  Ice            0%         4d7       100%        7
 Disjunction              Tloc           0%         N/A       100%        8


Dungeon Overview and Level Annotations

Branches:
Dungeon (8/15)             Temple (1/1) D:4            Lair (2/5) D:8
 Spider (0/4) Lair:2
  Swamp: Lair:2-3    Shoals: Lair:2-3

Altars:
Ashenzari
Dithmenos
Elyvilon
Fedhas
Kikubaaqudgha
Nemelex Xobeh
Uskayaw
Vehumet
The Shining One

Shops:
D:2 (   D:8 !

Annotations:
D:3 exclusion: statue


Innate Abilities, Weirdness & Mutations

You have a pair of horns on your head.
You reflexively headbutt those who attack you in melee.


Message History

You block the ice devil's attack.
The ice devil hits you but does no damage.
You hit the ice devil but do no damage.
The ice devil is moderately wounded.
The bullfrog barely misses you. x2; The ice devil closely misses you.
You furiously retaliate!
You headbutt the ice devil! The ice devil hits you. The ice devil freezes you!!
* * * LOW HITPOINT WARNING * * *
You hit the ice devil but do no damage.
Lightning courses through the ice devil!
The ice devil is heavily wounded.
The bullfrog barely misses you.
The ice devil hits you but does no damage.
The ice devil closely misses you.
Uskayaw will force your foes to helplessly watch your dance.
Uskayaw prepares the audience for your solo!
The bullfrog is no longer paralysed.
The bullfrog barely misses you.
There is an open door here.
The ice devil is no longer paralysed. x2; The bullfrog misses you.
The bullfrog barely misses you. You furiously retaliate!
You headbutt the bullfrog! You slash the bullfrog!
You kill the bullfrog!
You block the ice devil's attack.
Your Dodging skill increases to level 9!
You hit the ice devil but do no damage.
The ice devil is severely wounded.
The ice devil hits you but does no damage.
The ice devil hits you.
* * * LOW HITPOINT WARNING * * *
The ice devil freezes you!
* * * LOW HITPOINT WARNING * * *
The ice devil hits you but does no damage.
There is an open door here.
You barely miss the ice devil. Your headbutt misses the ice devil.
The ice devil is severely wounded.
The ice devil hits you.
* * * LOW HITPOINT WARNING * * *
The ice devil freezes you!!
You die...

##...P....##.....#
#...P....##.....#
#..P.....# .....
#..##P....# ...
#######...# #.#
#P...# ##.##
##...# #.†.#
#....###'#+####.
##...@4.4.......
##.............
#.............
#.............
##P....#####..#
####.#.÷÷÷..## .##
.......÷.....# .
..............P.
................


You could see 2 ice devils.

Vanquished Creatures
  Gastronok (D:8)
  A two-headed ogre (D:5)
  Pikel (D:7)
  6 elephants (Lair:1)
  Joseph (D:8)
  Maggie (D:7)
  2 torpor snails
  A komodo dragon (Lair:1)
  A queen bee (Lair:1)
  6 dream sheep
  9 blink frogs
  Sigmund (D:6)
  A wyvern (D:7)
  5 yaks (Lair:1)
  A basilisk (Lair:2)
  Edmund (D:5)
  9 water moccasins
  An orc warrior (D:8)
  4 ice beasts
  A sky beast (D:7)
  4 centaurs
  A phantom (D:5)
  9 bullfrogs
  A gnoll sergeant (D:7)
  2 scorpions
  9 wights
  33 killer bees
  2 howler monkeys
  3 hounds
  2 orc priests
  A gnoll bouda (D:7)
  2 sleepcaps
  2 iguanas
  4 orc wizards
  Robin (D:3)
  7 gnolls
  10 adders
  3 shadow imps
  2 white imps
  3 worms
  3 dart slugs
  29 orcs
  7 ball pythons
  3 endoplasms
  4 giant cockroaches
  14 goblins
  7 hobgoblins
  6 jackals (D:3)
  4 quokkas
  3 bats
  6 frilled lizards
  7 kobolds
  2 rats (D:3)
250 creatures vanquished.

Vanquished Creatures (others)
  3 fungi
  5 plants
8 creatures vanquished.

Grand Total: 258 creatures vanquished

Notes
Turn   | Place    | Note
-------+----------+-------------------------------------------
     0 | D:1      | Metae the Minotaur Fighter began the quest for the Orb.
     0 | D:1      | Reached XP level 1. HP: 19/19 MP: 0/0
   741 | D:2      | Reached XP level 2. HP: 27/27 MP: 1/1
   831 | D:2      | Reached skill level 1 in Dodging
  1000 | D:2      | Reached XP level 3. HP: 33/33 MP: 2/2
  1136 | D:2      | Found Qyharaykekk's Antique Weapon Boutique.
  1336 | D:2      | Found a faded altar of an unknown god.
  1504 | D:3      | Reached XP level 4. HP: 38/40 MP: 3/3
  1765 | D:3      | Reached XP level 5. HP: 27/47 MP: 4/4
  2192 | D:3      | Found a radiant altar of Vehumet.
  2192 | D:3      | Noticed a charred statue
  2515 | D:3      | Noticed Robin
  2542 | D:3      | Killed Robin
  2859 | D:4      | Found a staircase to the Ecumenical Temple.
  2884 | Temple   | Entered the Ecumenical Temple
  2895 | Temple   | Became a worshipper of Uskayaw the Reveller
  2984 | D:4      | Reached * piety under Uskayaw
  3003 | D:4      | Reached ** piety under Uskayaw
  3008 | D:4      | Reached *** piety under Uskayaw
  3010 | D:4      | Reached skill level 5 in Fighting
  3010 | D:4      | Reached XP level 6. HP: 56/56 MP: 5/5
  3020 | D:4      | Reached skill level 5 in Armour
  3497 | D:4      | Reached **** piety under Uskayaw
  3498 | D:4      | Reached skill level 5 in Shields
  3498 | D:4      | Reached skill level 1 in Invocations
  3529 | D:4      | Found a shadowy altar of Dithmenos.
  3736 | D:5      | Entered Level 5 of the Dungeon
  3807 | D:5      | Reached XP level 7. HP: 52/61 MP: 7/7
  3812 | D:5      | Reached ***** piety under Uskayaw
  4359 | D:5      | Noticed a two-headed ogre
  4376 | D:5      | Killed a two-headed ogre
  4377 | D:5      | Reached skill level 5 in Short Blades
  4377 | D:5      | Reached XP level 8. HP: 38/71 MP: 7/9
  4485 | D:5      | Noticed Edmund
  4508 | D:5      | Killed Edmund
  4997 | D:6      | Reached skill level 5 in Dodging
  5045 | D:6      | Noticed Sigmund
  5069 | D:6      | Reached XP level 9. HP: 62/79 MP: 10/10
  5074 | D:6      | Killed Sigmund
  5853 | D:7      | Noticed Maggie
  5874 | D:7      | Killed Maggie
  6309 | D:7      | Reached skill level 5 in Invocations
  6538 | D:7      | Noticed Pikel
  6554 | D:7      | Killed Pikel
  6555 | D:7      | Reached XP level 10. HP: 75/88 MP: 12/12
  6745 | D:7      | Identified the +8 chain mail of Reowex {rN+ Str+3 Slay+5}
  6954 | D:8      | Found a staircase to the Lair.
  7080 | D:8      | Noticed Joseph
  7095 | D:8      | Killed Joseph
  7516 | D:8      | Found Ulyuptoezi's Distillery.
  7519 | D:8      | Noticed Gastronok
  7539 | D:8      | Killed Gastronok
  7578 | D:8      | Bought a potion of curing for 33 gold pieces
  7578 | D:8      | Bought a potion of curing for 33 gold pieces
  7578 | D:8      | Bought a potion of flight for 33 gold pieces
  7899 | Lair:1   | Entered Level 1 of the Lair of Beasts
  7973 | Lair:1   | Reached ****** piety under Uskayaw
  7976 | Lair:1   | Reached XP level 11. HP: 85/97 MP: 14/14
  8513 | Lair:1   | You fall into a shaft and drop 1 floor!
  8513 | Lair:2   | Found a hole to the Spider Nest.
  8576 | Lair:1   | Identified the +4 falchion of Spite {elec, Int+3}
  8651 | Lair:1   | Reached skill level 1 in Long Blades
  8668 | Lair:1   | Reached skill level 10 in Armour
  8674 | Lair:1   | Reached skill level 10 in Fighting
  9020 | Lair:1   | Reached skill level 10 in Shields
  9836 | Lair:2   | Mangled by an ice devil

Illustrated notes

Levels and vault maps discovered:
D:1:      minmay_arrival_stair_chambers, layout_loops_ring, feat_on_display
D:2:      layout_rooms, shapermc_ecumenical_altar_acropolis, serial_shops, shop,
          lightli_corner_chamber
D:3:      layout_basic, vehumet_statue, hangedman_decor_push, uniq_robin
D:4:      layout_cave_pods, mainiacjoe_overflow_surrounded_room,
          minmay_temple_entry_slanted, kennysheep_path_1,
          guppyfry_early_lair_pool
D:5:      layout_rooms, uniq_edmund
D:6:      layout_basic, nicolae_nh_ransacked_shop, uniq_sigmund
D:7:      layout_loops_ring, dreamdust_gnoll_shepherd, uniq_maggie, uniq_pikel
D:8:      layout_rooms, dpeg_oklobed_lair, serial_shops,
          nicolae_shop_window_shopping, uniq_gastronok, uniq_joseph
Temple:   cyrus_circular_temple
Lair:1:   layout_roguey [special_room_bee], infiniplex_staircase_pool_2
Lair:2:   layout_gridlike, spider_nest_entry_web_field,
          portal_ice_cave_demonic_guard, beast_lair_carwin_11,
          lemuel_fruit_fields

Skill      XL: |  1  2  3  4  5  6  7  8  9 10 11 |
---------------+----------------------------------+-----
Dodging        | 1 2 3 4 5 6 7 9 |  9.0
Fighting       | 4 5 6 7 8 9 10 | 10.4
Shields        | 4 5 6 8 9 10 | 10.3
Armour         | 4 5 6 8 9 10 | 10.4
Short Blades   | 3 4 5 7 8 |  8.5
Invocations    | 1 3 5 6 7 |  7.6
Long Blades    | 3 |  3.4

Action                     |  1- 3 |  4- 6 |  7- 9 | 10-12 || total
---------------------------+-------+-------+-------+-------++-------
  Melee: Rapier            |    77 |   108 |       |       ||   185
         Headbutt          |    13 |    41 |    69 |    51 ||   174
         Dagger            |       |   133 |   341 |   163 ||   637
         Falchion          |       |       |       |    85 ||    85
 Invoke: Stomp             |       |       |     1 |     1 ||     2
  Evoke: Wand              |       |       |       |     7 ||     7
    Use: Potion            |       |       |     2 |     2 ||     4
         Scroll            |       |       |    11 |     3 ||    14
   Stab: Paralysed         |       |     2 |    15 |    21 ||    38
 Armour: Scale mail        |    26 |    55 |       |       ||    81
         Chain mail        |       |    53 |   105 |   191 ||   349
  Dodge: Dodged            |    33 |    86 |    97 |   168 ||   384
  Block: Buckler           |    15 |    37 |    43 |    83 ||   178
